 Dungeon Crawl Stone Soup version 0.31-a0-1522-g43313d8a59 (webtiles) character file.

Game seed: 8282561700974027833

9 AstroCodex24 the Trooper (level 1, 0/19 HPs)
             Began as a Demigod Fighter on Dec 30, 2023.
             Succumbed to an adder's poison
             ... on level 2 of the Dungeon.
             The game lasted 00:01:29 (335 turns).

AstroCodex24 the Trooper (Demigod Fighter)           Turns: 335, Time: 00:01:29

Health: 0/19       AC:  7    Str: 17    XL:     1   Next: 93%
Magic:  3/3        EV:  9    Int: 10    God:
Gold:   31         SH:  4    Dex: 13    Spells: 0/0 levels left

rFire   . . .        a - +0 war axe
rCold   . . .        c - +0 buckler
rNeg    . . .        b - +0 scale mail
rPois   .            (no helmet)
rElec   .            (no cloak)
rCorr   .            h - +0 pair of gloves
SInv    .            (no boots)
Will    .....        (no amulet) Stlth
                     (no ring)
HPRegen 0.23/turn    (no ring)
MPRegen 0.08/turn

%: no passive effects
@: lethally poisoned (0 -> -5)
A: high MP 1, forlorn, divine attributes
a: no special abilities


You were on level 2 of the Dungeon.
You visited 1 branch of the dungeon, and saw 2 of its levels.

You collected 31 gold pieces.

Inventory:

Hand Weapons
 a - a +0 war axe (weapon)
Armour
 b - a +0 scale mail (worn)
 c - a +0 buckler (worn)
 h - a +0 pair of gloves (worn)
Jewellery
 j - an amulet of magic regeneration
Talismans
 i - a flux talisman
Scrolls
 e - a scroll of fog {unknown}
 g - a scroll of enchant weapon {unknown}
Potions
 d - a potion of might
 f - 2 potions of curing {unknown}


   Skills:
 + Level 3.0 Fighting
 + Level 1.8 Axes
 + Level 2.8 Armour
 + Level 2.8 Shields


You couldn't memorise any spells.
You didn't know any spells.
Your spell library was empty.

Dungeon Overview and Level Annotations

Branches:
Dungeon (2/15)


Innate Abilities, Weirdness & Mutations

You have an increased reservoir of magic. (+10% MP)
You shall have no god before yourself.
Your divine heritage dramatically boosts your attributes as you level up.


Message History

The adder is lightly wounded.
You block the adder's attack. The adder bites you.
You are poisoned.
The adder poisons you!
You completely miss the adder.
The adder is lightly wounded.
You feel sick. The adder bites you. x2
You closely miss the adder.
The adder is lightly wounded.
You feel sick. You block the adder's attack.
The adder bites you but does no damage.
You barely miss the adder.
The adder is lightly wounded.
You feel sick.
You are no longer poisoned.
You block the adder's attack. The adder bites you.
A kobold comes into view. It is wielding a +0 whip.
You barely miss the adder.
The adder is lightly wounded.
The kobold shouts!
The adder bites you.
You are poisoned.
The adder poisons you! The adder bites you but does no damage.
You barely miss the adder.
The adder is lightly wounded.
You feel sick. The adder bites you but does no damage. The adder bites you.
You are lethally poisoned!
The adder poisons you!
You barely miss the adder.
The adder is lightly wounded.
* * * LOW HITPOINT WARNING * * *
You feel very sick. The adder bites you.
* * * LOW HITPOINT WARNING * * *
The adder bites you.
* * * LOW HITPOINT WARNING * * *
Unknown command.
You slash the adder!
You kill the adder!
You die...

.....[......<...
....###..######
.. #........
##.####..######
............#
.#<......##.#
######...##.#
..........#.#
#########.#@#
......K..>#
#########.# ....
##.### ... #.#
#.# #.#


You could see a kobold.

Vanquished Creatures
  An adder (D:2)
  A goblin (D:1)
  2 hobgoblins (D:1)
  2 jackals (D:2)
  2 kobolds (D:2)
  A bat (D:2)
9 creatures vanquished.

Notes
Turn   | Place    | Note
-------+----------+-------------------------------------------
     0 | D:1      | AstroCodex24 the Demigod Fighter began the quest for the
                  | Orb.
     0 | D:1      | Reached XP level 1. HP: 18/18 MP: 3/3
   300 | D:2      | Reached skill level 3 in Fighting
   335 | D:2      | Succumbed to an adder's poison

Illustrated notes

Levels and vault maps discovered:
D:1:      dpeg_arrival_radiant, layout_loops_ring, serial_shops,
          nicolae_shop_tiny_real_fake_doors, minivault_4
D:2:      layout_basic, basic_altar, hellmonk_ecumenical_altar_run_dry,
          serial_shops, nicolae_shop_just_a_little_nook

Skill      XL: |  1 |
---------------+----+-----
Fighting       | 3 |  3.0
Axes           | |  1.8
Armour         | |  2.8
Shields        | |  2.8

Action                     || total
---------------------------++-------
  Melee: War axe           ||    37
 Armour: Scale mail        ||    39
  Dodge: Dodged            ||    10
  Block: Buckler           ||    18

Table legend: (Time is in decaauts)
 A = Elapsed time spent in this place.
 B = Non-inter-level travel time spent in this place.
 C = Inter-level travel time spent in this place.
 D = Time resting spent in this place.
 E = Time spent auto-exploring this place.
 F = Levels seen in this place.
 G = Mean time per level.
                   A        B        C        D        E       F      G
               +--------+--------+--------+--------+--------+-----+--------+
         Total |    351 |    342 |      9 |      0 |      0 |   2 |  175.5 |
       Dungeon |    351 |    342 |      9 |      0 |      0 |   2 |  175.5 |
               +--------+--------+--------+--------+--------+-----+--------+

Top non-repeatable levels by time:
     D:1: 207 daAuts
     D:2: 144 daAuts
